 Dungeon Crawl Stone Soup version 0.19.1 (webtiles) character file.

2434 dajomu the Carver (level 9, 0/78 HPs)
             Began as a Minotaur Fighter on Dec 16, 2016.
             Was an Initiate of Ru.
             Killed from afar by an orc wizard (6 damage)
             ... with a magic dart
             ... on level 6 of the Dungeon.
             The game lasted 00:43:48 (7806 turns).

dajomu the Carver (Minotaur Fighter)                Turns: 7806, Time: 00:43:48

Health: 0/78       AC: 11    Str: 22    XL:     9   Next: 24%
Magic:  8/8        EV: 11    Int:  9    God:    Ru [......]
Gold:   420        SH:  0    Dex: 12    Spells: 0 memorised, 8 levels left

rFire  . . .     SeeInvis .     n - +2 great sword (protect)
rCold  . . .     Gourm    .     b - +1 scale mail
rNeg   . . .     Faith    .     (shield currently unavailable)
rPois  .         Spirit   .     (helmet restricted)
rElec  .         Reflect  .     (no cloak)
rCorr  +         Harm     .     q - +0 pair of gloves
MR     .....                    B - +0 pair of boots
Stlth  ..........               (no amulet)
                                x - ring of resist corrosion
                                h - +4 ring of intelligence

@: heavily drained
A: retaliatory headbutt, horns 2
a: Sacrifice Purity, Sacrifice Love, Sacrifice an Eye, Reject Sacrifices,
Renounce Religion


You were on level 6 of the Dungeon.
You worshipped Ru.
Ru was noncommittal.
You were not hungry.

You visited 1 branch of the dungeon, and saw 6 of its levels.
You also visited: Ossuary.

You collected 420 gold pieces.

Inventory:

Hand Weapons
 a - a +1 long sword
 k - a +2 mace of protection
 n - a +2 great sword of protection (weapon)
 y - a +0 short sword of draining
 E - a +0 scimitar
 F - a +2 dagger of venom
Armour
 b - a +1 scale mail (worn)
 c - a +0 shield
 q - a +0 pair of gloves (worn)
 z - a +2 ring mail of magic resistance
 B - a +0 pair of boots (worn)
 G - a +2 robe of cold resistance
Jewellery
 h - a +4 ring of intelligence (left hand)
 x - a ring of resist corrosion (right hand)
Wands
 d - a wand of lightning (4/15)
 p - a wand of slowing (48/48)
 D - a wand of confusion (22/48)
Scrolls
 m - 5 scrolls of remove curse
 o - 2 scrolls of enchant armour
Potions
 e - a potion of ambrosia
 g - 2 potions of haste
 j - 2 potions of curing
 l - 2 potions of magic
 r - a potion of flight
 v - a potion of cancellation {unknown}
 w - 2 potions of invisibility {unknown}
Books
 i - a book of Misfortune

   Spells                             Type                      Level
   a - Confusing Touch                Hexes                        1
   b - Confuse                        Hexes                        3
   c - Gell's Gravitas                Hexes/Translocation          3
   d - Petrify                        Transmutation/Earth          4
   e - Metabolic Englaciation         Hexes/Ice                    5
   f - Yara's Violent Unravelling     Hexes/Transmutation          5
 s - a book of Air

   Spells                             Type                      Level
   a - Shock                          Conjuration/Air              1
   b - Swiftness                      Charms/Air                   2
   c - Repel Missiles                 Charms/Air                   2
   d - Static Discharge               Conjuration/Air              3
   e - Lightning Bolt                 Conjuration/Air              5
Comestibles
 f - 4 bread rations
 t - 4 chunks of flesh
 u - a meat ration
 A - 2 beef jerkies
 C - 3 fruits


   Skills:
 + Level 6.7(5.3) Fighting
 + Level 9.2(7.7) Long Blades
 + Level 7.7(6.2) Armour
 + Level 3.7(2.4) Dodging
 + Level 1.5(0.3) Stealth
 + Level 7.3(5.8) Shields


You had 8 spell levels left.
You didn't know any spells.

Dungeon Overview and Level Annotations

Branches:
Dungeon (6/15)             Temple (0/1) D:6

Altars:
Cheibriados
Dithmenos
Gozag
Ru
Zin

Annotations:
D:6 Mungo's ghost, novice TeCj


Innate Abilities, Weirdness & Mutations

You reflexively headbutt those who attack you in melee.
You have a pair of horns on your head.


Message History

You bump into the rock wall.
The orc wizard barely misses you.
The orc priest hits you but does no damage.
Mungo's ghost hits you.
* * * LOW HITPOINT WARNING * * *
You closely miss Mungo's ghost. Your headbutt misses Mungo's ghost.
Mungo's ghost is moderately damaged.
You feel less confused.
The orc wizard hits you but does no damage.
The orc wizard hits you with a dagger.
* * * LOW HITPOINT WARNING * * *
The orc priest hits you but does no damage.
Mungo's ghost gestures at you while chanting.
The spray of energy hits you!
* * * LOW HITPOINT WARNING * * *
Unknown command.
Okay, then.
Okay, then.
The orc wizard points at you and mumbles some strange words.
The magic dart hits you!
You die...

#.....# ####>.# #
#### #..# .# <...
#..######. .....
##........
.....####........
.................
.............###.
............@.#
............o.#
............oW## #
...............#.#
..........)...(..#
..........[%..####
..........)).##
......#.....##
....#.###.##..


You could see an orc priest, an orc wizard and Mungo's ghost.

Vanquished Creatures
  The ghost of dscm the Shield-Bearer, a novice TrFi (D:5)
  Duvessa (D:5)
  An ogre (D:5)
  2 bullfrogs
  Dowan (D:5)
  13 scorpions
  5 wights (D:6)
  A crimson imp (D:5)
  A centaur zombie (Ossuary)
  A jelly (D:6)
  2 human zombies (Ossuary)
  3 orc wizards
  2 orc priests (D:5)
  A centaur skeleton (D:4)
  A hound (D:5)
  Jessica (D:3)
  6 worker ants
  A big kobold zombie (Ossuary)
  A hound skeleton (D:6)
  3 mummies (Ossuary)
  A worker ant zombie (D:6)
  Robin (D:3)
  A howler monkey skeleton (D:5)
  6 adders
  7 scorpion zombies (Ossuary)
  3 shadow imps
  2 oozes
  An adder zombie (D:5)
  A worm (D:2)
  5 dart slugs
  5 leopard geckos
  20 orcs
  4 giant cockroaches
  18 goblins
  14 hobgoblins
  2 jackals (D:1)
  7 kobolds
  5 quokkas
  A ball python (D:1)
  9 bats
  12 frilled lizards
  2 gnoll zombies (Ossuary)
  3 hobgoblin zombies (Ossuary)
  A kobold zombie (Ossuary)
  2 orc zombies (Ossuary)
  2 quokka skeletons
  6 rats
189 creatures vanquished.

Vanquished Creatures (others)
  A hobgoblin zombie (Ossuary)
1 creature vanquished.

Grand Total: 190 creatures vanquished

Notes
Turn   | Place    | Note
-------+----------+-------------------------------------------
     0 | D:1      | dajomu the Minotaur Fighter began the quest for the Orb.
     0 | D:1      | Reached XP level 1. HP: 19/19 MP: 0/0
    68 | D:1      | Reached XP level 2. HP: 27/27 MP: 1/1
   776 | D:1      | Reached XP level 3. HP: 31/33 MP: 2/2
  1329 | D:2      | Reached skill level 3 in Long Blades
  1329 | D:2      | Reached XP level 4. HP: 24/40 MP: 3/3
  2811 | D:3      | Noticed Jessica
  2817 | D:3      | Noticed Robin
  2820 | D:3      | Killed Jessica
  2820 | D:3      | Reached skill level 5 in Armour
  2820 | D:3      | Reached skill level 1 in Dodging
  2820 | D:3      | Reached XP level 5. HP: 44/46 MP: 4/4
  2834 | D:3      | Killed Robin
  3201 | D:4      | Reached skill level 4 in Long Blades
  3238 | D:4      | Reached XP level 6. HP: 38/53 MP: 5/5
  3308 | D:4      | Found a sand-covered staircase.
  3312 | D:4      | Reached skill level 5 in Shields
  3318 | Ossuary  | Entered an ossuary
  3401 | Ossuary  | Reached XP level 7. HP: 26/60 MP: 6/6
  3655 | Ossuary  | Reached skill level 5 in Long Blades
  3867 | Ossuary  | Reached skill level 5 in Fighting
  4107 | Ossuary  | Reached skill level 6 in Long Blades
  4717 | D:4      | Reached XP level 8. HP: 68/69 MP: 7/7
  4835 | D:4      | Reached skill level 7 in Long Blades
  4917 | D:4      | Found a sacrificial altar of Ru.
  4972 | D:4      | Became a worshipper of Ru the Awakened
  5426 | D:5      | Entered Level 5 of the Dungeon
  5431 | D:5      | Reached skill level 1 in Stealth
  5465 | D:5      | Noticed dscm's ghost (novice TrFi)
  5489 | D:5      | Killed dscm's ghost
  5588 | D:5      | Reached skill level 8 in Long Blades
  5951 | D:5      | Noticed Duvessa
  5953 | D:5      | Noticed Dowan
  5962 | D:5      | Killed Duvessa
  5970 | D:5      | Killed Dowan
  6499 | D:5      | Found a glowing silver altar of Zin.
  6499 | D:5      | Found an opulent altar of Gozag.
  6671 | D:5      | Reached XP level 9. HP: 77/77 MP: 8/8
  7069 | D:5      | Found a shadowy altar of Dithmenos.
  7219 | D:6      | HP: 1/78 [wight/enchanted spear (3)]
  7233 | D:6      | Reached skill level 9 in Long Blades
  7238 | D:6      | Found an opulent altar of Gozag.
  7619 | D:6      | Found a staircase to the Ecumenical Temple.
  7772 | D:6      | Found a snail-covered altar of Cheibriados.
  7778 | D:6      | Noticed Mungo's ghost (novice TeCj)
  7806 | D:6      | Killed from afar by an orc wizard

Skill      XL: |  1  2  3  4  5  6  7  8  9 |
---------------+----------------------------+-----
Fighting       | 4 5 6 |  6.7
Armour         | 4 5 6 7 |  7.7
Shields        | 4 5 7 |  7.3
Long Blades    | 3 4 6 8 9 |  9.2
Dodging        | 1 2 3 |  3.7
Stealth        | 1 |  1.5

Action                   |  1- 3 |  4- 6 |  7- 9 || total
-------------------------+-------+-------+-------++-------
Melee: Long sword        |    73 |   178 |   269 ||   520
       Headbutt          |    14 |    38 |    67 ||   119
       Great sword       |       |       |    29 ||    29
  Use: Scroll            |       |     9 |     9 ||    18
       Potion            |       |       |     7 ||     7
  Eat: Bread ration      |       |     2 |     1 ||     3
       Meat ration       |       |       |     2 ||     2
Armor: Scale mail        |    47 |    74 |   109 ||   230
Dodge: Dodged            |    33 |    63 |   109 ||   205
Block: Shield            |    50 |   119 |   138 ||   307
       Rpst.: Long sword |     9 |    12 |    24 ||    45
       Great sword       |       |       |     3 ||     3
